 Dungeon Crawl Stone Soup version 0.20.0-3-g22ec75f (webtiles) character file.

32 RKaid the Chopper (level 3, -6/33 HPs)
             Began as a Minotaur Berserker on May 26, 2017.
             Was a Follower of Trog.
             Mangled by a gnoll
             ... wielding a +0 spear
              (7 damage)
             ... on level 2 of the Dungeon.
             The game lasted 00:01:00 (827 turns).

RKaid the Chopper (Minotaur Berserker)               Turns: 827, Time: 00:01:00

Health: -6/33      AC:  2    Str: 22    XL:     3   Next: 10%
Magic:  2/2        EV: 11    Int:  4    God:    Trog [*.....]
Gold:   82         SH:  2    Dex:  9    Spells: 2/2 levels left

rFire    . . .     SeeInvis .   a - +0 hand axe
rCold    . . .     Gourm    .   h - +0 buckler
rNeg     . . .     Faith    .   b - +0 animal skin
rPois    .         Spirit   .   (helmet restricted)
rElec    .         Reflect  .   (no cloak)
rCorr    .         Harm     .   (no gloves)
MR       .....                  (no boots)
Stlth    +.........             (no amulet)
Regen    0.2/turn               (no ring)
MPRegen  0.1/turn               (no ring)

@: no status effects
A: retaliatory headbutt, horns 2
a: Berserk, Burn Spellbooks, Renounce Religion


You were on level 2 of the Dungeon.
You worshipped Trog.
Trog was aware of your devotion.
You were not hungry.

You visited 1 branch of the dungeon, and saw 2 of its levels.

You collected 82 gold pieces.

Inventory:

Hand Weapons
 a - a +0 hand axe (weapon)
Armour
 b - a +0 animal skin (worn)
 h - a +0 buckler (worn)
   (You found it on level 1 of the Dungeon)
Scrolls
 d - a scroll of recharging {unknown}
 e - 2 scrolls of identify {unknown}
 g - a scroll of fog {unknown}
 j - a scroll of teleportation {unknown}
 k - a scroll of fear {unknown}
Comestibles
 c - a bread ration
 f - 8 chunks of flesh
 i - 2 royal jellies


   Skills:
 + Level 4.2 Fighting
 * Level 4.7 Axes
 - Level 2.4 Armour
 - Level 2.1 Dodging


You had 2 spell levels left.
You didn't know any spells.

Dungeon Overview and Level Annotations

Branches:
Dungeon (2/15)

Altars:


Innate Abilities, Weirdness & Mutations

You reflexively headbutt those who attack you in melee.
You have a pair of horns on your head.


Message History

Trog accepts your kill. The bat hits you but does no damage.
The jackal closely misses you. You block the bat's attack.
A bat comes into view.
You hit the jackal. You headbutt the jackal.
You kill the jackal!
Trog accepts your kill.
You hit the bat. The bat closely misses you. The jackal closely misses you.
You furiously retaliate!
You headbutt the jackal!
You kill the jackal!
Trog accepts your kill. The bat barely misses you. x2
You closely miss the bat. The bat closely misses you.
A bat comes into view.
The bat hits you but does no damage.
The bat hits you. x2; The bat completely misses you.
You furiously retaliate!
You headbutt the bat. The bat closely misses you.
You miss the bat. You closely miss the bat. The bat hits you.
The bat hits you but does no damage. The bat barely misses you.
You slash the bat!
You kill the bat!
Trog accepts your kill. The bat hits you but does no damage.
You hit the bat.
You kill the bat!
Trog accepts your kill.
You have reached level 3!
Your experience leads to an increase in your attributes!
Increase (S)trength, (I)ntelligence, or (D)exterity?
You feel stronger.
Okay, then.
Unknown command.
You butcher the jackal corpse.
f - 3 chunks of flesh You butcher the jackal corpse.
f - 5 chunks of flesh (gained 2)
You butcher the jackal corpse.
f - 7 chunks of flesh (gained 2)
You see here a jackal skeleton. x2
You now have 70 gold pieces (gained 5).
Found a stone staircase leading down.
k - a scroll labeled BOAPRO OLOPS
i - 2 royal jellies (gained 1)
You see here a club.
A frilled lizard comes into view.
A giant cockroach comes into view.
The frilled lizard hisses angrily.
There are monsters nearby!
You miss the frilled lizard. The frilled lizard misses you.
There are monsters nearby!
You hit the giant cockroach but do no damage.
Your headbutt misses the giant cockroach.
You closely miss the frilled lizard.
The giant cockroach bites you but does no damage.
The frilled lizard barely misses you. The giant cockroach bites you.
The frilled lizard bites you.
You hit the giant cockroach.
You kill the giant cockroach!
Trog accepts your kill.
You miss the frilled lizard.
The frilled lizard bites you but does no damage.
A frilled lizard is nearby!
You hit the frilled lizard.
You kill the frilled lizard!
Trog accepts your kill.
No target in view!
No target in view!
You butcher the frilled lizard corpse.
f - 8 chunks of flesh (gained 1)
Found a stone staircase leading up.
You see here a robe.
You now have 82 gold pieces (gained 12).
A gnoll comes into view. It is wielding a whip.
The gnoll shouts!
A gnoll is nearby!
A gnoll is nearby!
A gnoll comes into view. It is wielding a spear.
There are monsters nearby!
A kobold comes into view.
The kobold shouts!
You hear a shout! x2
The gnoll closely misses you. You furiously retaliate!
You headbutt the gnoll, but do no damage.
A gnoll comes into view. It is wielding a spear.
You hit the gnoll. You hit the kobold. The gnoll barely misses you.
The kobold hits you.
An adder comes into view.
The adder hisses angrily.
You hit the gnoll. You barely miss the kobold. The gnoll barely misses you.
The gnoll hits you with a whip. The kobold hits you but does no damage.
You hit the kobold.
You kill the kobold!
Trog accepts your kill.
You closely miss the gnoll. The gnoll hits you but does no damage.
The gnoll hits you with a whip.
You hit the gnoll. Your headbutt misses the gnoll.
The gnoll hits you from afar with a spear!
The gnoll hits you with a whip!
* * * LOW HITPOINT WARNING * * *
The gnoll hits you from afar with a spear!
You die...

##.## #.# ###.# #.#
..#.# #)#
#.#.########.#
#.#..........#
#gg........###
..#####g...##....######
.....S.@...##.........#
#.#####.#####....####.#
#.# ##....## #.#
##.....##
#.#####[......#
###.............#
......<............#
##.##########......#
##...#.#


You could see 3 gnolls and an adder.

Vanquished Creatures
  2 leopard geckos (D:1)
  4 bats
  2 giant cockroaches
  2 goblins (D:1)
  3 hobgoblins (D:1)
  3 jackals (D:2)
  2 frilled lizards
  4 kobolds
  5 rats (D:1)
27 creatures vanquished.

Notes
Turn   | Place    | Note
-------+----------+-------------------------------------------
     0 | D:1      | RKaid the Minotaur Berserker began the quest for the Orb.
     0 | D:1      | Reached XP level 1. HP: 19/19 MP: 0/0
    94 | D:1      | Reached skill level 4 in Axes
   193 | D:1      | Reached XP level 2. HP: 18/27 MP: 1/1
   286 | D:1      | Reached skill level 4 in Fighting
   721 | D:2      | Reached XP level 3. HP: 28/33 MP: 2/2
   827 | D:2      | HP: 1/33 [gnoll/whip (10)]
   827 | D:2      | Mangled by a gnoll

Skill      XL: |  1  2 |
---------------+-------+-----
Axes           | 4 |  4.7
Fighting       | 4 |  4.2
Armour         | |  2.4
Dodging        | |  2.1

Action                   || total
-------------------------++-------
Melee: Hand axe          ||    40
       Headbutt          ||     2
Armor: Animal skin       ||    13
Dodge: Dodged            ||    32
Block: Buckler           ||     2

Table legend:
 A = Turns spent in this place as a percentage of turns spent in the entire game.
 B = Non-inter-level travel turns spent in this place as a percentage of non-inter-level travel turns spent in the entire game.
 C = Inter-level travel turns spent in this place as a percentage of turns spent in this place.
 D = Turns resting spent in this place as a percentage of non-inter-level travel turns spent in this place.
 E = Turns spent auto-exploring this place as a percentage of non-inter-level travel turns spent in this place.
 F = Non-inter-level travel turns spent in this place divided by the number of levels of this place that you've seen.
                   A       B       C       D       E      F
               +-------+-------+-------+-------+-------+----------------------
         Total | 100.0 | 100.0 |   1.0 |   0.0 |  15.1 | 102.5
       Dungeon | 100.0 | 100.0 |   1.0 |   0.0 |  15.1 | 102.5
               +-------+-------+-------+-------+-------+----------------------

Table legend:
 A = Kills in this place as a percentage of kills in entire the game.
 B = Kills by you in this place as a percentage of kills by you in the entire game.
 C = Kills by friends in this place as a percentage of kills by friends in the entire game.
 D = Other kills in this place as a percentage of other kills in the entire game.
 E = Experience gained in this place as a percentage of experience gained in the entire game.
 F = Experience gained in this place divided by the number of levels of this place that you have seen.
                   A       B       C       D       E      F
               +-------+-------+-------+-------+-------+----------------------
         Total | 100.0 | 100.0 |  -nan |  -nan | 100.0 |  23.5
       Dungeon | 100.0 | 100.0 |  -nan |  -nan | 100.0 |  23.5
               +-------+-------+-------+-------+-------+----------------------
